 Dungeon Sprint DCSS version 0.17-a0-1248-g117de50 (webtiles) character file.

422 Kidiri the Gusty (level 6, 0/45 HPs)
             Began as a Draconian Air Elementalist on June 5, 2015.
             Was a Priest of Sif Muna.
             Slain by a salamander (shapeshifter) (10 damage)
             ... in the Dungeon (Sprint IX: "|||||||||||||||||||||||||||||").
             The game lasted 00:05:30 (473 turns).

Kidiri the Gusty (Draconian Air Elementalist)        Turns: 473, Time: 00:05:30

Health: 0/45       AC:  7    Str: 11    XL:     6   Next: 63%
Magic:  4/14       EV: 14    Int: 20    God:    Sif Muna [***...]
Gold:   0          SH:  0    Dex: 14    Spells: 5 memorised, 3 levels left

rFire  . . .     SeeInvis .     o - staff of energy
rCold  . . .     Clarity  .     (armour unavailable)
rNeg   . . .     SustAt   .     (no shield)
rPois  .         Gourm    .     (helmet restricted)
rElec  .         Spirit   .     (no cloak)
rCorr  .         Warding  .     p - +0 pair of gloves
rMut   .         NoTele   +     (no boots)
MR     .....                    (no amulet)
Stlth  ++........               s - +3 ring of intelligence
                                r - +3 ring of dexterity

@: not resistant to hostile enchantments, unstealthy
A: unfitting armour, cold-blooded, AC +6
a: Channel Energy, Forget Spell, Renounce Religion


You were in the Dungeon.
You worshipped Sif Muna.
Sif Muna was most pleased with you.
You were not hungry.

You visited 1 branch

Inventory:

Armour
 p - a +0 pair of gloves (worn)
Magical staves
 o - an uncursed staff of energy (weapon)
Jewellery
 r - a +3 ring of dexterity (left hand)
 s - a +3 ring of intelligence (right hand)
Magical devices
 n - a wand of cold (6)
Scrolls
 h - 2 scrolls of blinking
 l - 2 scrolls of remove curse
 m - 2 scrolls of amnesia
Potions
 c - 3 potions of curing
 d - 3 potions of heal wounds
 e - a potion of haste
 f - 2 potions of magic
 g - a potion of berserk rage
 k - a potion of invisibility
Books
 a - a book of Air

   Spells                             Type                      Level
   a - Shock                          Conjuration/Air              1
   b - Swiftness                      Charms/Air                   2
   c - Repel Missiles                 Charms/Air                   2
   d - Static Discharge               Conjuration/Air              3
   e - Lightning Bolt                 Conjuration/Air              5
Comestibles
 b - a bread ration
 i - a chunk of flesh


   Skills:
 + Level 3.5 Staves
 + Level 4.0 Dodging
 + Level 4.4 Stealth
 * Level 5.5 Spellcasting
 * Level 5.7 Conjurations
 * Level 4.6 Charms
 * Level 6.6 Air Magic
 + Level 3.8 Invocations
 + Level 3.6 Evocations


You had 3 spell levels left.
You knew the following spells:

 Your Spells              Type           Power        Failure   Level  Hunger
a - Shock                 Conj/Air       ####         1%          1    None
b - Repel Missiles        Chrm/Air       ####..       1%          2    None
c - Swiftness             Chrm/Air       ####....     1%          2    None
d - Static Discharge      Conj/Air       ####....     2%          3    None
e - Lightning Bolt        Conj/Air       ####......   24%         5    None


Dungeon Overview and Level Annotations

Branches:
Dungeon (1/1)

Altars:
Cheibriados
Dithmenos
Elyvilon
Fedhas
Gozag
Kikubaaqudgha
Makhleb
Nemelex Xobeh
Okawaru
Qazlal
Ru
Sif Muna
Trog
Vehumet
Xom
Yredelemnul
Zin
The Shining One
Beogh
Jiyva
Lugonu


Innate Abilities, Weirdness & Mutations

Your plain brown scales are hard (AC +6).
Your body does not fit into most forms of armour.
You are cold-blooded and may be slowed by cold attacks.


Message History

Aiming: Lightning Bolt
Press: ? - help, Shift-Dir - straight line, f/p - salamander
Aim: a salamander (lightly wounded)
You hear a mighty clap of thunder!
The bolt of lightning hits the salamander.
The salamander is heavily wounded.
The bolt of lightning hits the hippogriff.
The hippogriff is almost dead.
The bolt of lightning hits the adder zombie.
You destroy the adder zombie!
The bolt of lightning hits the red ugly thing.
The red ugly thing is moderately wounded.
The salamander hits you.
You are engulfed in flames!
* * * LOW HITPOINT WARNING * * *
Unknown command.
Drink which item? (? for menu, Esc to quit)
You feel better. The salamander hits you.
* * * LOW HITPOINT WARNING * * *
You are engulfed in flames!
You die... ▓▓▓▓▓▓▓▓▓▓▓▓▓▓▓▓▓▓▓▓▓▓▓▓ .u.uuHN@.....'..)..)...' ▓▓▓▓▓▓▓▓▓▓▓▓▓▓▓▓▓▓▓▓▓▓▓▓

You could see 3 ugly things, a salamander and a hippogriff.

Vanquished Creatures
  A hippogriff (D)
  An orc warrior (D)
  An ice beast (D)
  A giant frog (D)
  A quasit (D)
  An adder zombie (D)
  A giant gecko (D)
  A bat zombie (D)
  3 goblins (D)
  2 kobolds (D)
  2 giant newts (D)
  2 rats (D)
17 creatures vanquished.

Notes
Turn   | Place    | Note
--------------------------------------------------------------
     0 | D        | Kidiri the Draconian Air Elementalist began the quest for the Orb.
     0 | D        | Reached XP level 1. HP: 14/14 MP: 3/3
     3 | D        | Banished a spatial maelstrom
   146 | D        | Reached XP level 2. HP: 20/20 MP: 1/5
   154 | D        | Learned a level 2 spell: Repel Missiles
   157 | D        | Learned a level 2 spell: Swiftness
   205 | D        | Found a glowing silver altar of Zin.
   205 | D        | Found a glowing golden altar of the Shining One.
   205 | D        | Found an ancient bone altar of Kikubaaqudgha.
   205 | D        | Found a basalt altar of Yredelemnul.
   205 | D        | Found a shimmering altar of Xom.
   205 | D        | Found a radiant altar of Vehumet.
   206 | D        | Found an iron altar of Okawaru.
   207 | D        | Found a burning altar of Makhleb.
   208 | D        | Found a deep blue altar of Sif Muna.
   209 | D        | Found a bloodstained altar of Trog.
   210 | D        | Found a sparkling altar of Nemelex Xobeh.
   211 | D        | Found a white marble altar of Elyvilon.
   212 | D        | Found a roughly hewn altar of Beogh.
   213 | D        | Found a viscous altar of Jiyva.
   214 | D        | Found a corrupted altar of Lugonu.
   215 | D        | Found a blossoming altar of Fedhas.
   216 | D        | Became a worshipper of Sif Muna the Loreminder
   217 | D        | Found a snail-covered altar of Cheibriados.
   218 | D        | Found a shadowy altar of Dithmenos.
   219 | D        | Found a stormy altar of Qazlal.
   220 | D        | Found an opulent altar of Gozag.
   221 | D        | Found a sacrificial altar of Ru.
   265 | D        | Noticed a hippogriff
   265 | D        | Noticed a giant frog
   265 | D        | Noticed an ice beast
   265 | D        | Noticed an orc warrior
   265 | D        | Noticed a quasit
   290 | D        | Killed a giant frog
   290 | D        | Acquired Sif Muna's first power
   290 | D        | Reached skill level 1 in Staves
   290 | D        | Reached skill level 4 in Air Magic
   290 | D        | Reached skill level 1 in Invocations
   290 | D        | Reached skill level 1 in Evocations
   290 | D        | Reached XP level 3. HP: 11/26 MP: 1/8
   290 | D        | Reached XP level 4. HP: 13/33 MP: 1/9
   303 | D        | Killed an orc warrior
   303 | D        | Acquired Sif Muna's second power
   303 | D        | Reached skill level 5 in Air Magic
   303 | D        | Reached XP level 5. HP: 25/38 MP: 8/11
   305 | D        | Killed an ice beast
   306 | D        | Killed a quasit
   306 | D        | Reached skill level 5 in Spellcasting
   306 | D        | Reached skill level 5 in Conjurations
   306 | D        | Reached skill level 6 in Air Magic
   306 | D        | Reached XP level 6. HP: 23/45 MP: 5/13
   309 | D        | Killed a hippogriff
   314 | D        | Learned a level 3 spell: Static Discharge
   320 | D        | Learned a level 5 spell: Lightning Bolt
   468 | D        | Noticed a cyan ugly thing
   468 | D        | Noticed a red ugly thing
   468 | D        | Noticed a cyan ugly thing
   468 | D        | Noticed a hippogriff
   468 | D        | Noticed a salamander
   473 | D        | Slain by a salamander (shapeshifter)

Vault maps used:
D:        linesprint

Action                   |  1- 3 |  4- 6 || total
-------------------------+-------+-------++-------
Melee: Staff             |     2 |     3 ||     5
 Cast: Shock             |    12 |    11 ||    23
       Swiftness         |     1 |       ||     1
       Lightning Bolt    |       |     1 ||     1
       Static Discharge  |       |     1 ||     1
Evoke: Staff of energy   |     2 |       ||     2
       Wand              |     1 |       ||     1
  Use: Potion            |     1 |     3 ||     4
       Scroll            |     1 |       ||     1
